 Dungeon Crawl Stone Soup version 0.31-a0-1616-gbeaec30b81 (webtiles) character file.

Game seed: 15033385354919807872

408 Dordric the Changeling (level 6, -2/47 HPs)
             Began as a Draconian Shapeshifter on Jan 11, 2024.
             Slain by a gnoll
             ... wielding a +1 spear of distortion
              (17 damage)
             ... on level 4 of the Dungeon.
             The game lasted 00:03:13 (3593 turns).

Dordric the Changeling (Draconian Shapeshifter)     Turns: 3593, Time: 00:03:14

Health: -2/47      AC:  7    Str: 18    XL:     6   Next: 57%
Magic:  6/6        EV: 16    Int: 10    God:
Gold:   195        SH:  0    Dex: 11    Spells: 5/5 levels left

rFire   . .          .
                       - Unarmed
rCold   . . .        (shield currently unavailable)
rNeg    . . .        (body armour unavailable)
rPois   .            (helmet restricted)
rElec   .            h - +0 cloak
rCorr   .            (no gloves)
SInv    .            (no boots)
Will    .....        g - amulet of magic regeneration
Stlth   +            (no ring)
HPRegen 0.27/turn    (no ring)
MPRegen 0.50/turn

%: no passive effects
@: flux-form, glowing
A: glow, contaminating, AC +6, unfitting armour, cold-blooded
a: Begin Untransformation


You were on level 4 of the Dungeon.
You were something dangerously unstable.
You visited 1 branch of the dungeon, and saw 4 of its levels.

You collected 195 gold pieces.

Inventory:

Missiles
 j - 2 throwing nets (quivered)
Armour
 h - a +0 cloak (worn)
Jewellery
 g - an amulet of magic regeneration (around neck)
Talismans
 b - a beast talisman
 c - a flux talisman (active)
Scrolls
 d - a scroll of noise
 e - 2 scrolls of identify {unknown}
 f - a scroll of poison {unknown}
 k - a scroll of immolation
 l - a scroll of enchant armour {unknown}
Potions
 a - 2 potions of lignification
 i - 3 potions of heal wounds {unknown}
 m - 4 potions of curing {unknown}
 n - a potion of brilliance {unknown}
 o - a potion of cancellation {unknown}
 p - a potion of might {unknown}


   Skills:
 - Level 1.1 Fighting
 - Level 1.7 Dodging
 - Level 3.0 Unarmed Combat
 + Level 7.0 Shapeshifting


You had 5 spell levels left.
You didn't know any spells.
Your spell library contained the following spells:

 Spells                   Type           Power      Damage    Failure   Level
 Tukima's Dance           Hex            0%         N/A       75%         3
 Dimensional Bullseye     Hex/Tloc       0%         N/A       98%         4
 Iskenderun's Mystic Bla  Conj/Tloc      0%         2d3       98%         4


Dungeon Overview and Level Annotations

Branches:
Dungeon (4/15)
 Temple: D:4-7

Altars:
Elyvilon
Hepliaklqana
Kikubaaqudgha


Innate Abilities, Weirdness & Mutations

You are something dangerously unstable.
You glow with magical radiation, making you easy to see and hit.
Foes you strike become dangerously contaminated with magical radiation.
You are incapable of wielding weapons or throwing items.
Your plain brown scales are hard. (AC +6)
You cannot fit into any form of body armour.
You are cold-blooded and may be slowed by cold attacks.


Message History

There is a stone staircase leading down here.
You climb downwards.
The orc closely misses you. x2
There is a stone staircase leading up here.
The gnoll hits you from afar with a +1 spear of distortion.
Space warps around you.
The orc throws a stone.
The stone closely misses you. The orc closely misses you.
You climb upwards.
There is a stone staircase leading down here.
You closely miss the orc. You hit the orc.
The orc begins to glow.
The orc is moderately wounded.
The orc closely misses you.
You hit the orc.
The orc glows dangerously bright.
The orc is heavily wounded.
The orc completely misses you.
You hit the orc but do no damage.
The orc shudders as magic cascades through it!!
You kill the orc!
No target in view!
No target in view!
No target in view!
No target in view!
No target in view!
No target in view!
You start resting.
HP restored.
You climb downwards.
There is a stone staircase leading up here.
You climb upwards.
There is a stone staircase leading down here.
You climb downwards.
The gnoll hits you from afar with a +1 spear of distortion.
Space warps horribly around you!! The gnoll completely misses you.
There is a stone staircase leading up here.
The gnoll hits you from afar with a +1 spear of distortion.
The gnoll attacks as it pursues you! The gnoll barely misses you.
There is a stone staircase leading up here.
The gnoll hits you with a +1 spear of distortion.
Space warps horribly around you!
You die...

..# ..# .
####..# ..
#.#...# ..:
.....# ....
....#####
.....##........
...............
.......p.#...#.
.......g.# .#
.......g...
.###.g......#
#o>...#..#
......#.##
...###.#.. ....
.. .#


You could see 3 gnolls and an orc.

Vanquished Creatures
  Edmund (D:3)
  Natasha (thrice) (D:2)
  5 adders
  8 gnolls (D:3)
  A ribbon worm (D:2)
  3 dart slugs
  3 orcs (D:3)
  2 bat zombies (D:3)
  3 endoplasms
  7 giant cockroaches
  7 hobgoblins
  4 kobolds
  7 quokkas
  6 ball pythons
  7 bats
  4 frilled lizards
  A frilled lizard zombie (D:3)
  12 goblins
  6 rats
90 creatures vanquished.

Notes
Turn   | Place    | Note
-------+----------+-------------------------------------------
     0 | D:1      | Dordric the Draconian Shapeshifter began the quest for the
                  | Orb.
     0 | D:1      | Reached XP level 1. HP: 16/16 MP: 1/1
   383 | D:1      | Reached XP level 2. HP: 23/23 MP: 2/2
   843 | D:1      | Reached skill level 4 in Shapeshifting
  1096 | D:2      | Reached XP level 3. HP: 28/28 MP: 3/3
  1214 | D:2      | Noticed Natasha
  1228 | D:2      | Killed Natasha
  1229 | D:2      | Reached XP level 4. HP: 12/35 MP: 4/4
  1444 | D:2      | Noticed Natasha
  1463 | D:2      | Killed Natasha
  1464 | D:2      | Reached skill level 5 in Shapeshifting
  1616 | D:2      | Noticed Natasha
  1622 | D:2      | Killed Natasha
  1623 | D:2      | Reached XP level 5. HP: 33/40 MP: 5/5
  1930 | D:2      | Found a white marble altar of Elyvilon.
  2281 | D:3      | Found a hazy altar of Hepliaklqana.
  2539 | D:3      | Reached skill level 6 in Shapeshifting
  2883 | D:3      | Reached XP level 6. HP: 21/47 MP: 6/6
  3418 | D:3      | Found an ancient bone altar of Kikubaaqudgha.
  3490 | D:4      | Noticed Edmund
  3508 | D:3      | Killed Edmund
  3509 | D:3      | Reached skill level 7 in Shapeshifting
  3593 | D:4      | Slain by a gnoll

Illustrated notes

Levels and vault maps discovered:
D:1:      minmay_arrival_open_corners, layout_loops_corners, serial_forest,
          infiniplex_forest_end_3, infiniplex_forest_clump_tiny,
          infiniplex_forest_clump_tiny, infiniplex_forest_straight_2,
          infiniplex_forest_clump_double, infiniplex_forest_split,
          infiniplex_forest_clump_large, infiniplex_forest_zigzag_2,
          infiniplex_forest_lined_room_2
D:2:      kennysheep_the_goblin_king, layout_loops_corners, basic_altar,
          grunt_ministairs_2, minmay_ruptured, uniq_natasha
D:3:      wad_lake_hut, layout_basic, nicolae_hepliaklqana_hazy_memory,
          lemuel_zombie_altar_kikubaaqudgha
D:4:      layout_cave_pools, minmay_temple_entry_nine_rooms,
          ebering_ghost_rock_garden, grunt_decor_resistance, uniq_blork_the_orc,
          uniq_edmund

Skill      XL: |  1  2  3  4  5  6 |
---------------+-------------------+-----
Shapeshifting  | 4 5 6 7 |  7.0
Fighting       | |  1.1
Dodging        | |  1.7
Unarmed Combat | |  3.0

Action                     |  1- 3 |  4- 6 || total
---------------------------+-------+-------++-------
  Melee: Unarmed           |    97 |   188 ||   285
         Tailslap          |     3 |    23 ||    26
         Punch             |       |     2 ||     2
    Use: Scroll            |       |     2 ||     2
   Stab: Sleeping          |       |     2 ||     2
 Armour: Skin              |    37 |    92 ||   129
  Dodge: Dodged            |    52 |   152 ||   204
   Form: Flux              |       |     1 ||     1

Table legend: (Time is in decaauts)
 A = Elapsed time spent in this place.
 B = Non-inter-level travel time spent in this place.
 C = Inter-level travel time spent in this place.
 D = Time resting spent in this place.
 E = Time spent auto-exploring this place.
 F = Levels seen in this place.
 G = Mean time per level.
                   A        B        C        D        E       F      G
               +--------+--------+--------+--------+--------+-----+--------+
         Total |   3629 |   3441 |    188 |    206 |   2604 |   4 |  907.2 |
       Dungeon |   3629 |   3441 |    188 |    206 |   2604 |   4 |  907.2 |
               +--------+--------+--------+--------+--------+-----+--------+

Top non-repeatable levels by time:
     D:2: 1285 daAuts
     D:3: 1262 daAuts
     D:1: 1066 daAuts
     D:4: 14 daAuts
